 Dungeon Crawl Stone Soup version 0.23.0-38-g208d714 (webtiles) character file.

Game seed: 0

6686 Borgoz the Ducker (level 11, 0/91 HPs)
             Began as a Ghoul Skald on Feb 27, 2019.
             Was an Initiate of Ashenzari.
             Slain by a hippogriff (6 damage)
             ... on level 9 of the Dungeon.
             The game lasted 00:24:48 (7024 turns).

Borgoz the Ducker (Ghoul Skald)                     Turns: 7024, Time: 00:24:50

Health: 0/91       AC:  5    Str: 20    XL:     11   Next: 3%
Magic:  17/17      EV: 15    Int:  9    God:    Ashenzari [......]
Gold:   1558       SH:  2    Dex: 10    Spells: 14/20 levels left

rFire    . . .     SeeInvis .   a - +9 whip of Unuonimu {elec, Str+4}
rCold    + . .     Gourm    .   (no shield)
rNeg     + + +     Faith    .   z - +1 leather armour of Tyhoth {rPois MR+} (curse)
rPois    ∞         Spirit   .   w - +0 helmet
rElec    .         Reflect  +   q - scarf {cloud immunity} (curse)
rCorr    .         Harm     .   (no gloves)
MR       +....                  (no boots)
Stlth    ..........             h - +2 amulet of reflection
HPRegen  0.00/turn              B - ring of attention
MPRegen  0.15/turn              (no ring)

@: rotting
A: rotting body, claws 1, carnivore, cold resistance 1, negative energy
resistance 3, inhibited regeneration, torment resistance, unbreathing
a: Curse Item, Renounce Religion


You were on level 9 of the Dungeon.
You worshipped Ashenzari.
Ashenzari was noncommittal.
You were not hungry.

You visited 2 branches of the dungeon, and saw 10 of its levels.
You also visited: Bailey.

You collected 1558 gold pieces.

Inventory:

Hand Weapons
 a - the +9 whip of Unuonimu (weapon) {elec, Str+4}
   (You found it on level 4 of the Dungeon)

   Occasionally, upon striking a foe, it will discharge some electrical energy
   and cause terrible harm.
   It affects your strength (+4).
 b - a +0 blowgun
Missiles
 o - 28 poisoned needles
 x - 4 throwing nets (quivered)
Armour
 q - a cursed scarf of cloud immunity (worn)
 w - a +0 helmet (worn)
 z - the cursed +1 leather armour of Tyhoth (worn) {rPois MR+}
   (You found it on level 4 of the Dungeon)

   It protects you from poison.
   It affects your resistance to hostile enchantments.
   It has a curse placed upon it.
Jewellery
 h - a +2 amulet of reflection (around neck)
 k - an uncursed amulet of the acrobat
 B - a ring of attention (left claw)
Wands
 v - a wand of enslavement (4)
 y - a wand of iceblast (22)
 A - a wand of disintegration (5)
 C - a wand of clouds (7)
 E - a wand of digging (2)
 G - a wand of random effects (18)
Scrolls
 f - 9 scrolls of remove curse
 g - 2 scrolls of enchant weapon
 i - a scroll of amnesia
 j - a scroll of magic mapping
 l - 2 scrolls of blinking
 s - 2 scrolls of enchant armour
 u - 3 scrolls of identify
 F - a scroll of fog {unknown}
Potions
 d - 2 potions of brilliance
 e - 5 potions of curing
 n - 5 potions of heal wounds
 p - a potion of might
 r - a potion of ambrosia
 t - a potion of haste
 D - a potion of invisibility
Comestibles
 c - 17 rations


   Skills:
 + Level 6.6 Fighting
 + Level 4.7 Maces & Flails
 + Level 5.1 Armour
 * Level 7.9 Dodging
 - Level 3.9 Unarmed Combat
 + Level 5.0 Spellcasting
 + Level 4.2 Hexes
 - Level 3.3 Charms
 + Level 5.3 Necromancy


You had 14 spell levels left.
You knew the following spells:

 Your Spells              Type           Power        Failure   Level  Hunger
a - Regeneration          Chrm/Necr      ##........   14%         3    ###....
b - Confuse               Hex            #.......     14%         3    ###....

Your spell library contained the following spells:

 Spells                   Type           Power        Failure   Level  Hunger
 Corona                   Hex            #......      4%          1    #......
 Infusion                 Chrm           #...         7%          1    #......
 Song of Slaying          Chrm           #.......     11%         2    ##.....
 Tukima's Dance           Hex            #.......     14%         3    ###....
 Ensorcelled Hibernation  Hex/Ice        #.....       19%         2    ##.....
 Spectral Weapon          Hex/Chrm       #.......     19%         3    ###....
 Shroud of Golubria       Chrm/Tloc      #.........   22%         2    ##.....
 Swiftness                Chrm/Air       #.......     22%         2    ##.....
 Shock                    Conj/Air       #...         28%         1    #......
 Dazzling Spray           Conj/Hex       #.....       34%         3    ###....
 Static Discharge         Conj/Air       #.......     63%         3    ###....
 Airstrike                Air            #.........   95%         4    #####..
 Lightning Bolt           Conj/Air       #.........   100%        5    ######.


Dungeon Overview and Level Annotations

Branches:
Dungeon (9/15)             Temple (1/1) D:7            Lair (0/6) D:8
    Orc: D:9-12

Altars:
Ashenzari
Cheibriados
Dithmenos
Elyvilon
Fedhas
Gozag
Hepliaklqana
Kikubaaqudgha
Makhleb
Nemelex Xobeh
Okawaru
Qazlal
Ru
Sif Muna
Trog
Uskayaw
Vehumet
Wu Jian
Xom
Yredelemnul
Zin
The Shining One


Innate Abilities, Weirdness & Mutations

Your body is rotting away.
You thrive on raw meat.
You are immune to poison.
You have sharp fingernails.
You are carnivorous and can eat meat at any time.
Your flesh is cold resistant. (rC+)
You are immune to negative energy. (rN+++)
You do not regenerate when monsters are visible.
You are immune to unholy pain and torment.
You can survive without breathing.


Message History

You whack the hippogriff!
The hippogriff is lightly wounded.
The hippogriff bites you. The hippogriff pecks you.
* * * LOW HITPOINT WARNING * * *
The hippogriff closely misses you.
You whack the hippogriff!
The hippogriff is heavily wounded.
The hippogriff bites you.
* * * LOW HITPOINT WARNING * * *
The hippogriff pecks you.
* * * LOW HITPOINT WARNING * * *
The hippogriff claws you.
* * * LOW HITPOINT WARNING * * *
You hit the hippogriff.
Lightning courses through the hippogriff!!
The hippogriff is almost dead.
The hippogriff bites you!
* * * LOW HITPOINT WARNING * * *
The hippogriff closely misses you. The hippogriff claws you.
You die...

#####
###########
......
#.(.......#
###......
#.........#
##.'...Y..
#.........#
#..#
#...<.....#
#H##
#.........###@#
#.........##..#
#.........'..##
#.....<...####
#######+###


You could see a hippogriff.

Vanquished Creatures
  3 death yaks (D:8)
  Joseph (D:7)
  2 hippogriffs
  A spriggan (D:7)
  4 yaks (D:9)
  A porcupine (D:8)
  3 ice beasts
  4 orc warriors
  2 sky beasts
  2 ogres
  4 centaurs
  8 bullfrogs
  A gnoll sergeant (D:8)
  2 scorpions
  3 howler monkeys
  A bullfrog zombie (D:7)
  3 crimson imps
  5 orc priests
  3 hounds
  4 jellies
  2 bullfrog skeletons
  A centaur skeleton (D:7)
  An iguana (D:7)
  8 orc wizards
  6 worker ants
  A hound skeleton (D:5)
  11 gnolls
  2 river rats (D:8)
  4 adders
  A shadow imp (D:5)
  2 adder skeletons
  2 worms
  A dart slug (D:1)
  3 leopard geckos
  29 orcs
  A ball python (D:2)
  A giant cockroach (D:1)
  10 goblins
  3 hobgoblins
  13 jackals
  6 quokkas
  A ball python zombie (D:5)
  4 bats
  7 frilled lizards
  5 kobolds
  A leopard gecko skeleton (D:4)
  9 rats
192 creatures vanquished.

Vanquished Creatures (others)
  2 kobolds (Bailey)
2 creatures vanquished.

Grand Total: 194 creatures vanquished

Notes
Turn   | Place    | Note
-------+----------+-------------------------------------------
     0 | D:1      | Borgoz the Ghoul Skald began the quest for the Orb.
     0 | D:1      | Reached XP level 1. HP: 17/17 MP: 2/2
   182 | D:1      | Reached skill level 1 in Armour
   271 | D:1      | Reached skill level 2 in Dodging
   293 | D:1      | Reached XP level 2. HP: 19/24 MP: 3/3
   878 | D:2      | Found a shadowy altar of Dithmenos.
   968 | D:2      | Reached XP level 3. HP: 27/30 MP: 4/4
  1111 | D:2      | Reached XP level 4. HP: 10/37 MP: 3/6
  1872 | D:2      | Learned a level 3 spell: Regeneration
  2127 | D:2      | Reached XP level 5. HP: 37/44 MP: 7/7
  2750 | D:4      | Found a transporter.
  2763 | D:4      | Noticed a centaur
  2788 | D:4      | Killed a centaur
  2788 | D:4      | Reached skill level 3 in Dodging
  2814 | D:4      | Got a dazzling whip
  2910 | D:4      | Reached XP level 6. HP: 20/51 MP: 8/8
  3109 | D:4      | Reached skill level 1 in Necromancy
  3202 | D:4      | Got a translucent leather armour
  3295 | D:4      | Found a transporter.
  3349 | D:4      | Identified the cursed +1 leather armour of Tyhoth {rPois
                  | MR+} (You found it on level 4 of the Dungeon)
  3351 | D:4      | Identified the +9 whip of Unuonimu {elec, Str+4} (You found
                  | it on level 4 of the Dungeon)
  3373 | D:5      | Entered Level 5 of the Dungeon
  3373 | D:5      | Noticed an ice beast
  3386 | D:5      | Killed an ice beast
  3399 | D:5      | Learned a level 3 spell: Confuse
  3477 | D:5      | Found a deep blue altar of Sif Muna.
  3490 | D:5      | Reached XP level 7. HP: 52/56 MP: 9/9
  3593 | D:5      | Reached skill level 1 in Maces & Flails
  3857 | D:5      | Reached skill level 4 in Dodging
  3906 | D:6      | Found a snail-covered altar of Cheibriados.
  3923 | D:6      | Reached skill level 1 in Hexes
  3964 | D:6      | Reached XP level 8. HP: 45/66 MP: 11/11
  4542 | D:6      | Reached skill level 5 in Dodging
  4995 | D:7      | Found a staircase to the Ecumenical Temple.
  4998 | D:7      | Found a shimmering altar of Xom.
  5000 | D:7      | Reached XP level 9. HP: 55/72 MP: 13/13
  5030 | Temple   | Entered the Ecumenical Temple
  5406 | D:7      | Reached skill level 5 in Fighting
  5430 | D:7      | Noticed Joseph
  5447 | D:7      | Killed Joseph
  5447 | D:7      | Reached skill level 6 in Dodging
  6229 | D:8      | Reached XP level 10. HP: 52/83 MP: 15/15
  6285 | D:8      | Noticed a death yak
  6288 | D:8      | Noticed a death yak
  6291 | D:8      | Found a flagged portal.
  6300 | Bailey   | Entered a bailey
  6391 | Bailey   | Found a burning altar of Makhleb.
  6424 | D:8      | Noticed a death yak
  6441 | D:8      | Killed a death yak
  6441 | D:8      | Reached skill level 7 in Dodging
  6442 | D:8      | Killed a death yak
  6449 | D:8      | Killed a death yak
  6449 | D:8      | Reached skill level 5 in Necromancy
  6469 | D:8      | Found a staircase to the Lair.
  6663 | D:8      | Reached skill level 5 in Armour
  6676 | D:8      | Found a stormy altar of Qazlal.
  6741 | D:8      | Found an ancient bone altar of Kikubaaqudgha.
  6810 | D:8      | Found a hazy altar of Hepliaklqana.
  6811 | D:8      | Found a shattered altar of Ashenzari.
  6817 | D:8      | Became a worshipper of Ashenzari the Shackled
  7017 | D:9      | Reached skill level 5 in Spellcasting
  7020 | D:9      | Reached XP level 11. HP: 32/91 MP: 17/17
  7024 | D:9      | Slain by a hippogriff

Skill      XL: |  1  2  3  4  5  6  7  8  9 10 |
---------------+-------------------------------+-----
Armour         | 1 2 3 4 5 |  5.1
Dodging        | 2 3 4 5 6 7 |  7.9
Unarmed Combat | 3 |  3.9
Spellcasting   | 2 3 4 5 |  5.0
Charms         | 3 |  3.3
Fighting       | 3 4 5 6 |  6.6
Necromancy     | 1 2 3 4 5 |  5.3
Maces & Flails | 1 2 3 4 |  4.7
Hexes          | 1 2 3 4 |  4.2

Action                   |  1- 3 |  4- 6 |  7- 9 | 10-12 || total
-------------------------+-------+-------+-------+-------++-------
Melee: Unarmed           |    99 |   175 |       |       ||   274
       Punch             |       |     5 |       |     1 ||     6
       Whip              |       |    19 |   235 |    97 ||   351
 Fire: Blowgun           |       |     4 |    20 |       ||    24
 Cast: Infusion          |       |     2 |       |       ||     2
Invok: Curse Item        |       |       |       |     1 ||     1
Evoke: Wand              |       |       |       |     2 ||     2
  Use: Scroll            |       |     9 |     5 |     2 ||    16
       Potion            |       |     5 |     2 |       ||     7
 Stab: Distracted        |     1 |       |       |       ||     1
  Eat: Chunk             |     7 |    15 |    33 |    13 ||    68
Armor: Leather armour    |    25 |    41 |    32 |    17 ||   115
Dodge: Dodged            |    59 |   147 |   146 |    91 ||   443
Block: Other             |       |       |    10 |     8 ||    18
       Reflection        |       |       |     1 |     3 ||     4
